 Dungeon Crawl Stone Soup version 0.29-a0-923-g6e406bff71 (webtiles) character file.

Game seed: 9582172555113045359

62 mathmaestro the Grave Robber (level 3, 0/26 HPs)
             Began as a Demonspawn Necromancer on July 27, 2022.
             Slain by a goblin
             ... wielding a +0 club
             ... led by Robin
              (3 damage)
             ... on level 2 of the Dungeon.
             The game lasted 00:03:13 (1264 turns).

mathmaestro the Grave Robber (DsNe)                 Turns: 1264, Time: 00:03:13

Health: 0/26       AC: 11    Str:  8    XL:     3   Next: 85%
Magic:  0/6        EV: 11    Int: 18    God:
Gold:   13         SH:  0    Dex: 13    Spells: 3/7 levels left

rFire   . . .      SeeInvis .   g - +2 whip (elec)
rCold   . . .      Faith    .   (no shield)
rNeg    . . .      Spirit   .   c - +0 leather armour
rPois   +          Reflect  .   (no helmet)
rElec   .          Harm     .   o - +0 cloak
rCorr   .          Rampage  .   (no gloves)
Will    .....                   a - +0 pair of boots
Stlth   ++........              (no amulet)
HPRegen 2.08/turn               m - +4 ring of protection
MPRegen 0.10/turn               k - ring of poison resistance

@: mighty
A: icy blue scales 1, powered by death 1
a: no special abilities


You were on level 2 of the Dungeon.
You visited 1 branch of the dungeon, and saw 2 of its levels.

You collected 13 gold pieces.

Inventory:

Hand Weapons
 e - a +0 dagger
 g - a +2 whip of electrocution (weapon)
 i - a +0 war axe
Armour
 a - a +0 pair of boots (worn)
 c - a +0 leather armour (worn)
 o - a +0 cloak (worn)
Jewellery
 h - a +6 ring of intelligence
 k - a ring of poison resistance (right hand)
 m - a +4 ring of protection (left hand)
Scrolls
 f - a scroll of amnesia {unknown}
 n - 2 scrolls of identify {unknown}
 p - a scroll of enchant armour {unknown}
Potions
 b - a potion of magic
 j - a potion of haste {unknown}
 l - a potion of berserk rage {unknown}
 q - a potion of heal wounds {unknown}


   Skills:
 + Level 1.4 Fighting
 + Level 1.3 Armour
 - Level 2.0 Dodging
 - Level 2.0 Stealth
 + Level 2.5 Spellcasting
 + Level 4.7 Necromancy


You had 3 spell levels left.
You knew the following spells:

 Your Spells              Type           Power      Damage    Failure   Level
a - Necrotise             Necr           76%        1d7       3%          1
b - Vampiric Draining     Necr           19%        2d7       11%         3

Your spell library contained the following spells:

 Spells                   Type           Power      Damage    Failure   Level
 Animate Dead             Necr           19%        N/A       34%         4
 Agony                    Necr           19%        N/A       67%         5
 Petrify                  Tmut/Erth      2%         N/A       94%         4
 Metabolic Englaciation   Hex/Ice        1%         N/A       100%        5
 Statue Form              Tmut/Erth      1%         N/A       100%        6


Dungeon Overview and Level Annotations

Branches:
Dungeon (2/15)

Altars:

Annotations:
D:2 Robin


Innate Abilities, Weirdness & Mutations

You are partially covered in icy blue scales. (AC +2)
You regenerate a little health from kills.


Message History

You are electrocuted!
The goblin hits your hobgoblin skeleton with a +0 club. x2
The goblin barely misses you. The hobgoblin closely misses you.
Your hobgoblin skeleton hits Robin.
Something hits your hobgoblin skeleton.
The goblin hits your hobgoblin skeleton with a +0 club!
Your hobgoblin skeleton is destroyed!
Unknown command.
You hit Robin.
Robin is heavily wounded.
The hobgoblin no longer looks unusually strong.
Robin closely misses you. Robin hits you but does no damage.
You are electrocuted!
You barely miss Robin.
Robin is heavily wounded.
Robin throws the goblin at you! The goblin hits you but does no damage.
You miss the goblin. The goblin closely misses you.
Robin hits you but does no damage.
You hit the goblin. Lightning courses through the goblin!
You kill the goblin!
Robin throws the goblin at you! The goblin hits you but does no damage.
Casting: Necrotise (safe; 3% risk of failure)
Confirm with . or Enter, or press ? or * to list all spells.
Aiming: Necrotise (safe; 3% risk of failure)
Press: ? - help, Shift-Dir - straight line, f - goblin
Aim: a goblin, wielding a +0 club (moderately wounded, strong, chance to affect: 89%)
The goblin writhes in agony.
You kill the goblin!
The dead are walking!
Robin throws the goblin at you! The goblin hits you with a +0 club.
Unknown command.
You closely miss the goblin. The goblin hits you with a +0 club.
Robin hits you but does no damage.
You are electrocuted!
Ouch! That really hurt!
* * * LOW HITPOINT WARNING * * *
Unknown command.
It was a potion of might.
You feel very mighty all of a sudden. The goblin hits you with a +0 club.
You die...

#.................# #
#####...############<# #
............... #.# #
.###..#.########.###.###
#..#.## #........
#..#..# #######.#
#..##.# #.# #..##g## #.#
###.###).#@Z.# #######.#
.........g###.#
#........ .##.####))#
... ...#####.#
.......).# .### #)#
##.####:#†..## #.#
#.##.## ######.# #.# .#
#....... #.. . .........
#?. ## ##.#.##.#


You could see Robin (ally target), a goblin (strong) and a friendly goblin
skeleton.

Vanquished Creatures
  Crazy Yiuf (D:2)
  A dart slug (D:1)
  An endoplasm (D:1)
  A giant cockroach (D:2)
  10 goblins
  4 hobgoblins
  3 kobolds
  A quokka (D:1)
  2 bats
  A frilled lizard (D:1)
  2 rats (D:1)
27 creatures vanquished.

Vanquished Creatures (collateral kills)
  A goblin (D:2)
  A quokka (D:1)
2 creatures vanquished.

Grand Total: 29 creatures vanquished

Notes
Turn   | Place    | Note
-------+----------+-------------------------------------------
     0 | D:1      | mathmaestro the Demonspawn Necromancer began the quest for
                  | the Orb.
     0 | D:1      | Reached XP level 1. HP: 13/13 MP: 3/3
    15 | D:1      | Found a faded altar of an unknown god.
   270 | D:1      | Gained mutation: You regenerate a little health from kills.
                  | [demonic ancestry]
   270 | D:1      | Reached XP level 2. HP: 20/20 MP: 0/5
   843 | D:2      | Found a runed translucent door.
   844 | D:2      | Noticed Crazy Yiuf
   854 | D:2      | Killed Crazy Yiuf
   855 | D:2      | Reached skill level 1 in Fighting
   855 | D:2      | Reached skill level 1 in Armour
   855 | D:2      | Gained mutation: You are partially covered in icy blue
                  | scales. (AC +2) [demonic ancestry]
   855 | D:2      | Reached XP level 3. HP: 2/26 MP: 2/6
  1152 | D:2      | Learned a level 3 spell: Vampiric Draining
  1236 | D:2      | Noticed Robin
  1263 | D:2      | HP: 1/26 [Robin/+0 whip of electrocution (15)]
  1264 | D:2      | Slain by a goblin

Illustrated notes

Levels and vault maps discovered:
D:1:      lightli_iron_boxes, layout_basic,
          hellmonk_ecumenical_altar_arch_garden
D:2:      layout_loops_ring, uniq_robin, uniq_crazy_yiuf_cottage, uniq_terence

Skill      XL: |  1  2 |
---------------+-------+-----
Stealth        | 2 |  2.0
Dodging        | 2 |  2.0
Fighting       | 1 |  1.4
Armour         | 1 |  1.3
Spellcasting   | |  2.5
Necromancy     | |  4.7

Action                   || total
-------------------------++-------
Melee: Whip              ||    25
 Cast: Necrotise         ||    37
  Use: Potion            ||     1
Armor: Leather armour    ||    25
Dodge: Dodged            ||    34

Table legend: (Time is in decaauts)
 A = Elapsed time spent in this place.
 B = Non-inter-level travel time spent in this place.
 C = Inter-level travel time spent in this place.
 D = Time resting spent in this place.
 E = Time spent auto-exploring this place.
 F = Levels seen in this place.
 G = Mean time per level.
                   A        B        C        D        E       F      G
               +--------+--------+--------+--------+--------+-----+--------+
         Total |   1262 |   1229 |     33 |    353 |    655 |   2 |  631.0 |
       Dungeon |   1262 |   1229 |     33 |    353 |    655 |   2 |  631.0 |
               +--------+--------+--------+--------+--------+-----+--------+

Top non-repeatable levels by time:
     D:1: 732 daAuts
     D:2: 530 daAuts
